 Dungeon Crawl Stone Soup version 0.22.1-5-g62c59d9 (webtiles) character file.

14445 teukkam the Fighter (level 11, -36/102 HPs)
             Began as a Minotaur Fighter on Jan 4, 2019.
             Was a High Priest of Wu Jian.
             Killed from afar by a wizard (42 damage)
             ... with a bolt of cold
             ... on level 11 of the Dungeon on Jan 15, 2019.
             The game lasted 01:06:04 (12103 turns).

teukkam the Fighter (Minotaur Fighter)             Turns: 12103, Time: 01:06:05

Health: -36/102    AC: 17    Str: 23    XL:     11   Next: 88%
Magic:  8/8        EV:  5    Int:  5    God:    Wu Jian [*****.]
Gold:   684        SH: 23    Dex: 13    Spells: 10/10 levels left

rFire    . . .     SeeInvis .   a - +2 dagger (chaos)
rCold    . . .     Gourm    .   Q - +0 large shield
rNeg     . . .     Faith    .   i - +0 chain mail
rPois    .         Spirit   .   H - +1 hat
rElec    .         Reflect  +   C - +0 cloak
rCorr    .         Harm     .   p - +0 pair of gloves
MR       .....                  N - +0 pair of boots
Stlth    ..........             P - +5 amulet of reflection
HPRegen  0.27/turn              (no ring)
MPRegen  0.11/turn              (no ring)

@: no status effects
A: retaliatory headbutt, hooves 1, horns 2, thin skeletal structure 1, low mp 1,
sense surroundings 1
a: Wall Jump, Serpent's Lash, Heavenly Storm, Renounce Religion


You were on level 11 of the Dungeon.
You worshipped Wu Jian.
Wu Jian was extremely pleased with you.
You were not hungry.

You visited 1 branch of the dungeon, and saw 12 of its levels.

You collected 684 gold pieces.

Inventory:

Hand Weapons
 a - a +2 dagger of chaos (weapon)
 b - a +2 hunting sling of freezing
 e - a -2 short sword
 k - a +0 war axe
 l - a +1 battleaxe of draining
 B - a +2 dagger of protection
 F - a +0 quarterstaff
 G - a +4 war axe
 M - a +1 trident
Missiles
 h - 40 poisoned needles
 o - 289 stones (quivered)
 q - 184 arrows
 u - 8 curare-tipped needles
 w - 5 tomahawks
 z - 6 javelins
 A - 109 sling bullets
 J - 14 needles of sleeping
Armour
 i - a +0 chain mail (worn)
 p - a +0 pair of gloves (worn)
 C - a +0 cloak (worn)
 H - a +1 hat (worn)
 N - a +0 pair of boots (worn)
 Q - a +0 large shield (worn)
Magical Staves
 K - an uncursed staff of cold
Jewellery
 P - a +5 amulet of reflection (around neck)
 U - a +3 ring of intelligence {unknown}
Wands
 t - a wand of digging (27)
 D - a wand of iceblast (10)
 E - a wand of enslavement (22)
 R - a wand of paralysis (20)
 S - a wand of random effects (25)
 T - a wand of polymorph (41)
Scrolls
 c - a scroll of enchant armour
 j - 13 scrolls of identify
 m - 2 scrolls of remove curse
 s - a scroll of fog
 x - 2 scrolls of immolation
 y - 2 scrolls of amnesia
Potions
 d - 4 potions of might
 g - a potion of brilliance
 n - a potion of invisibility
 r - a potion of haste
 v - 5 potions of curing
Miscellaneous
 V - a box of beasts
Comestibles
 f - 17 rations


   Skills:
 + Level 11.0 Fighting
 + Level 6.8 Short Blades
 - Level 2.5(5.3) Axes
 - Level 7.3(7.6) Polearms
 + Level 9.3 Slings
 - Level 10.6 Armour
 + Level 2.2 Stealth
 - Level 10.7 Shields


You had 10 spell levels left.
You didn't know any spells.
Your spell library was empty.

Dungeon Overview and Level Annotations

Branches:
Dungeon (12/15)            Temple (0/1) D:7
   Lair: D:8-11         Orc: D:9-12

Altars:
Cheibriados
Dithmenos
Elyvilon
Gozag
Hepliaklqana
Kikubaaqudgha
Ru
Trog
Uskayaw
Wu Jian
Xom
Yredelemnul
The Shining One

Shops:
D:4 %


Innate Abilities, Weirdness & Mutations

You reflexively headbutt those who attack you in melee.
You have a pair of horns on your head.
You have large cloven feet.
You have a somewhat thin skeletal structure. (Dex +2, Stealth)
Your magical capacity is low. (-10% MP)
You passively map a small area around you.


Message History

The bolt of cold hits you! x2
You hear a shout!
You hit the wizard but do no damage. Lightning courses through the wizard!
You headbutt the wizard, but do no damage.
The wizard is severely wounded.
The wizard casts a spell at you. You resist with significant effort.
The wizard says, "Dogrw nutew berg."
You block the wizard's attack.
As you read the scroll labeled KUAVEOMIBOE, it crumbles to dust.
You hear a loud clanging noise!
It was a scroll of noise.
You hear a shout!
You hear an angry buzzing noise.
You hear a shout! x2
You hear a trumpeting!
You hear an angry buzzing noise.
You hear an angry hiss.
You hear an angry buzzing noise.
The wizard casts a spell at you. The bolt of cold hits you!
* * * LOW HITPOINT WARNING * * *
The bolt of cold hits you!
You die... ##.........# #..###.###..##.... ...y........ *#..#..##.#..... ...........# , #.#####.###..... ...######### # ##.*#. ##.#...... ... , #.#.##., ##....... ... , *.#(#.,, , #....... , * .Ku

##.#.... , , #p# ,
,#..##... #@##
,,##.####.. * *
##.## ##.###.... *
##.#####.##*.....
*, #.
##..#..#####...# ,
*#..###.#####.##.##
* *,
#.......#.##.#.#.
,*
#######.#..##...# ,
,* #.......⌠..
#.#..##...#


You could see a brown ugly thing, a wizard and a kobold.

Vanquished Creatures
  Harold (D:8)
  A centaur warrior (D:11)
  A shock serpent (D:10)
  A lindwurm (shapeshifter) (D:9)
  Pikel (D:8)
  Joseph (D:7)
  2 cyclopes (D:11)
  Psyche (D:8)
  A komodo dragon (D:12)
  2 trolls
  A hornet (D:9)
  Prince Ribbit (D:8)
  A slime creature (D:12)
  6 hippogriffs
  7 yaks (D:9)
  A wraith (D:12)
  A wyvern (D:8)
  4 vampire mosquitoes (D:12)
  2 hungry ghosts
  Menkaure (D:5)
  3 soldier ants
  An acid dragon (D:12)
  A water moccasin (D:12)
  A porcupine (D:9)
  2 orc warriors
  4 ice beasts
  2 sky beasts
  3 phantoms
  An eye of draining (D:9)
  2 necrophages
  4 ogres
  6 centaurs
  10 bullfrogs
  3 big kobolds
  2 scorpions
  4 killer bees
  5 howler monkeys
  6 crimson imps
  A centaur zombie (D:10)
  A bullfrog zombie (D:12)
  3 jellies
  2 quasits (D:9)
  3 orc priests
  2 bullfrog skeletons
  8 hounds
  Ijyb (D:3)
  A centaur skeleton (D:4)
  2 iguanas
  6 orc wizards
  A gnoll shaman (D:7)
  Natasha (D:3)
  10 worker ants
  A hound zombie (D:8)
  10 gnolls
  8 adders
  2 shadow imps
  An adder zombie (D:5)
  2 worms
  5 dart slugs
  6 leopard geckos
  16 orcs
  7 giant cockroaches
  12 hobgoblins
  14 jackals
  13 kobolds
  2 quokkas
  2 ball pythons
  6 bats
  4 frilled lizards
  5 goblins
  A leopard gecko skeleton (D:4)
  A leopard gecko zombie (D:2)
  A quokka zombie (D:6)
  6 rats
264 creatures vanquished.

Vanquished Creatures (others)
  A vampire (D:12)
  A centaur (D:12)
  A bullfrog zombie (D:11)
  An orc wizard (D:10)
  A fungus (D:11)
5 creatures vanquished.

Grand Total: 269 creatures vanquished

Notes
Turn   | Place    | Note
-------+----------+-------------------------------------------
     0 | D:1      | teukkam the Minotaur Fighter began the quest for the Orb.
     0 | D:1      | Reached XP level 1. HP: 19/19 MP: 0/0
    92 | D:1      | Reached XP level 2. HP: 27/27 MP: 1/1
   128 | D:2      | Found a shimmering altar of Xom.
   246 | D:4      | Noticed an ogre
   321 | D:3      | Found a white marble altar of Elyvilon.
   335 | D:3      | Reached skill level 4 in Fighting
   391 | D:3      | Reached XP level 3. HP: 33/33 MP: 2/2
   397 | D:3      | Reached skill level 1 in Polearms
   401 | D:3      | Found a hazy altar of Hepliaklqana.
   454 | D:4      | Noticed an ogre
   459 | D:4      | Killed an ogre
   459 | D:4      | Reached XP level 4. HP: 5/41 MP: 3/3
   941 | D:3      | Found a basalt altar of Yredelemnul.
  1073 | D:3      | Reached XP level 5. HP: 42/47 MP: 4/4
  1304 | D:3      | Noticed Ijyb
  1317 | D:3      | Killed Ijyb
  1450 | D:5      | Entered Level 5 of the Dungeon
  1452 | D:5      | Noticed an ogre
  1469 | D:4      | Found an ornate altar of the Wu Jian Council.
  1474 | D:4      | Became a worshipper of the Wu Jian Council
  1648 | D:1      | Reached skill level 1 in Slings
  1717 | D:1      | Reached skill level 5 in Shields
  2254 | D:2      | Found a shadowy altar of Dithmenos.
  2277 | D:2      | Found an ancient bone altar of Kikubaaqudgha.
  2358 | D:2      | Found an opulent altar of Gozag.
  2552 | D:2      | Reached skill level 5 in Armour
  2553 | D:2      | Found a hide-covered altar of Uskayaw.
  2769 | D:3      | Noticed Natasha
  2776 | D:3      | Killed Natasha
  2776 | D:3      | Reached XP level 6. HP: 48/55 MP: 5/5
  2971 | D:4      | Found Ucesat's Food Emporium.
  2998 | D:4      | Found a glowing golden altar of the Shining One.
  3008 | D:4      | Reached * piety under Wu Jian
  3228 | D:4      | Reached skill level 5 in Fighting
  3772 | D:5      | Noticed Menkaure
  3777 | D:5      | Killed Menkaure
  3777 | D:5      | Reached XP level 7. HP: 32/61 MP: 6/6
  4487 | D:7      | Noticed a hippogriff
  4509 | D:7      | Killed a hippogriff
  4509 | D:7      | Reached skill level 6 in Fighting
  4536 | D:7      | Reached XP level 8. HP: 16/70 MP: 7/7
  4793 | D:7      | Found a staircase to the Ecumenical Temple.
  4798 | D:7      | Noticed Joseph
  4823 | D:7      | Killed Joseph
  4823 | D:7      | Reached skill level 5 in Polearms
  5111 | D:7      | Found a sacrificial altar of Ru.
  5148 | D:7      | Reached skill level 1 in Short Blades
  5371 | D:7      | Noticed a hippogriff
  5382 | D:7      | Killed a hippogriff
  5382 | D:7      | Reached skill level 7 in Fighting
  5471 | D:7      | Upgraded the game from 0.22.1-2-g9c5b331 to
                  | 0.22.1-5-g62c59d9
  5653 | D:7      | Reached skill level 5 in Slings
  5653 | D:7      | Reached XP level 9. HP: 72/79 MP: 8/8
  5653 | D:7      | Reached ** piety under Wu Jian
  5752 | D:7      | Found a bloodstained altar of Trog.
  6126 | D:8      | Noticed Prince Ribbit
  6136 | D:8      | Killed Prince Ribbit
  6136 | D:8      | Reached skill level 8 in Fighting
  6148 | D:8      | Noticed Psyche
  6156 | D:8      | Killed Psyche
  6562 | D:8      | Noticed Pikel
  6578 | D:8      | Killed Pikel
  6578 | D:8      | Reached XP level 10. HP: 82/90 MP: 9/9
  6590 | D:8      | Got a translucent diamond amulet
  6591 | D:8      | Identified the amulet "Raocwehu" {Inacc *Drain rElec rF+
                  | rN+} (You found it on level 8 of the Dungeon)
  6741 | D:8      | Reached *** piety under Wu Jian
  6827 | D:8      | Noticed Harold
  6861 | D:8      | Killed Harold
  6861 | D:8      | Reached skill level 9 in Fighting
  7467 | D:9      | Noticed a fire crab
  7471 | D:9      | a fire crab changed into a shapeshifter
  7471 | D:9      | Noticed a black mamba
  7471 | D:9      | a shapeshifter changed into a black mamba
  8305 | D:9      | Noticed a death drake
  8326 | D:9      | Noticed a lindwurm
  8354 | D:9      | Killed a lindwurm
  8379 | D:9      | Reached **** piety under Wu Jian
  8487 | D:9      | Reached skill level 10 in Shields
  8487 | D:9      | Reached XP level 11. HP: 71/99 MP: 10/10
  8846 | D:9      | Reached skill level 10 in Armour
  9004 | D:9      | Found a snail-covered altar of Cheibriados.
  9073 | D:10     | Entered Level 10 of the Dungeon
  9189 | D:10     | Reached skill level 10 in Fighting
  9197 | D:10     | Reached skill level 5 in Short Blades
  9236 | D:10     | Noticed Urug
  9266 | D:10     | Noticed Urug
  9268 | D:10     | Killed Urug the shock serpent
 10792 | D:12     | Gained mutation: You have large cloven feet. [potion of
                  | mutation]
 10792 | D:12     | Gained mutation: Your magical capacity is low. (-10% MP)
                  | [potion of mutation]
 10792 | D:12     | Gained mutation: You passively map a small area around you.
                  | [potion of mutation]
 10792 | D:12     | Gained mutation: You have a somewhat thin skeletal
                  | structure. (Dex +2, Stealth) [potion of mutation]
 10793 | D:12     | Reached ***** piety under Wu Jian
 11051 | D:12     | Noticed a shock serpent
 11051 | D:12     | a slime creature changed into a shock serpent
 11565 | D:11     | Reached skill level 1 in Stealth
 12078 | D:11     | Noticed a wizard
 12084 | D:11     | Noticed a centaur warrior
 12094 | D:11     | Noticed a brown ugly thing
 12100 | D:11     | Killed a centaur warrior
 12100 | D:11     | Reached skill level 11 in Fighting
 12103 | D:11     | Killed from afar by a wizard

Skill      XL: |  1  2  3  4  5  6  7  8  9 10 11 |
---------------+----------------------------------+-----
Shields        | 4 5 6 7 8 10 | 10.7
Armour         | 4 5 6 7 8 9 10 | 10.6
Fighting       | 4 5 6 7 8 9 11 | 11.0
Polearms       | 2 3 4 6 7 |  7.3
Slings         | 1 2 3 5 6 7 9 |  9.3
Short Blades   | 1 2 4 6 |  6.8
Stealth        | 2 |  2.2
Axes           | |  2.5

Action                   |  1- 3 |  4- 6 |  7- 9 | 10-12 || total
-------------------------+-------+-------+-------+-------++-------
Melee: Short sword       |    32 |       |       |       ||    32
       Headbutt          |    13 |    22 |    83 |   148 ||   266
       Trident           |    33 |   191 |   266 |       ||   490
       Dagger            |       |       |    78 |   717 ||   795
 Fire: Hunting sling     |       |    12 |    26 |    98 ||   136
Throw: Stone             |       |       |     1 |     1 ||     2
Invok: Lunge             |       |     9 |     9 |    31 ||    49
       Whirlwind         |       |    25 |   122 |   175 ||   322
       Wall Jump         |       |       |    23 |    58 ||    81
Evoke: Wand              |       |       |     1 |    18 ||    19
  Use: Scroll            |     2 |     2 |     6 |    11 ||    21
       Potion            |     1 |       |     3 |    11 ||    15
 Stab: Petrified         |       |       |     6 |     4 ||    10
       Petrifying        |       |       |     2 |     1 ||     3
       Paralysed         |       |       |     1 |     6 ||     7
       Confused          |       |       |       |     2 ||     2
  Eat: Chunk             |       |     9 |     2 |     8 ||    19
       Ration            |       |       |     3 |     3 ||     6
Armor: Scale mail        |    12 |       |       |       ||    12
       Chain mail        |    16 |    65 |   141 |   200 ||   422
       Skin              |       |       |       |    17 ||    17
Dodge: Dodged            |    10 |    26 |    62 |    40 ||   138
Block: Shield            |    32 |    85 |   173 |    12 ||   302
       Large shield      |       |       |       |   561 ||   561
       Reflection        |       |       |       |    18 ||    18
